 Dungeon Crawl Stone Soup version 0.22.1-2-g9c5b331 (webtiles) character file.

2079 Tiagovsky the Firebug (level 9, -1/78 HPs)
             Began as a Green Draconian Fire Elementalist on Dec 31, 2018.
             Slain by an orc warrior
             ... wielding a cursed -2 battleaxe
              (17 damage)
             ... on level 5 of the Dungeon.
             The game lasted 00:50:37 (7899 turns).

Tiagovsky the Firebug (DrFE)                        Turns: 7899, Time: 00:50:38

Health: -1/78      AC: 12    Str: 12    XL:     9   Next: 6%
Magic:  1/12       EV: 12    Int: 18    God:
Gold:   295        SH:  0    Dex: 11    Spells: 6/12 levels left

rFire    . . .     SeeInvis .   w - +3 dire flail (protect)
rCold    . . .     Gourm    .   (shield currently unavailable)
rNeg     . . .     Faith    .   (armour unavailable)
rPois    +         Spirit   .   (helmet restricted)
rElec    .         Reflect  .   s - +2 cloak
rCorr    .         Harm     .   (no gloves)
MR       .....                  i - +1 pair of boots
Stlth    ++........             (no amulet)
HPRegen  0.23/turn              (no ring)
MPRegen  0.13/turn              (no ring)

@: no status effects
A: breathe noxious fumes, unfitting armour, poison resistance, cold-blooded, AC
+7
a: Breathe Noxious Fumes


You were on level 5 of the Dungeon.
You were very hungry.

You visited 1 branch of the dungeon, and saw 6 of its levels.

You collected 295 gold pieces.

Inventory:

Hand Weapons
 q - a +0 hunting sling
 w - a +3 dire flail of protection (weapon)
Missiles
 e - 265 stones
 h - 21 sling bullets
 o - a tomahawk (quivered)
Armour
 i - a +1 pair of boots (worn)
 s - a +2 cloak (worn)
Wands
 u - a wand of random effects (10)
 y - a wand of enslavement (12)
Scrolls
 a - 2 scrolls of identify
 c - a scroll of remove curse
 d - 3 scrolls of teleportation
 n - 2 scrolls of enchant weapon {unknown}
 p - 4 scrolls of fear {unknown}
 r - a scroll of magic mapping
Potions
 f - 4 potions of ambrosia
 g - 3 potions of heal wounds
 j - a potion of flight
 k - 2 potions of magic
 l - a potion of resistance
 m - a potion of lignification
 t - 2 potions of curing
 v - a potion of haste {unknown}
 x - a potion of agility {unknown}
Comestibles
 b - 9 rations


   Skills:
 + Level 6.4 Fighting
 + Level 5.2 Maces & Flails
 - Level 1.7 Dodging
 - Level 1.7 Stealth
 - Level 2.1 Spellcasting
 + Level 6.1 Conjurations
 + Level 6.8 Fire Magic


You had 6 spell levels left.
You knew the following spells:

 Your Spells              Type           Power        Failure   Level  Hunger
a - Flame Tongue          Conj/Fire      ####.        1%          1    #......
b - Throw Flame           Conj/Fire      ####..       1%          2    ###....
c - Conjure Flame         Conj/Fire      ####....     3%          3    ###....

Your spell library contained the following spells:

 Spells                   Type           Power        Failure   Level  Hunger
 Inner Flame              Hex/Fire       ##......     13%         3    ###....
 Sticky Flame             Conj/Fire      ####....     13%         4    #####..
 Fireball                 Conj/Fire      ####......   34%         5    ######.


Dungeon Overview and Level Annotations

Branches:
Dungeon (6/15)
 Temple: D:4-7

Altars:
The Shining One


Innate Abilities, Weirdness & Mutations

You can breathe blasts of noxious fumes.
Your lurid green scales are hard. (AC +7)
You cannot fit into any form of body armour.
Your system is resistant to poisons. (rPois)
You are cold-blooded and may be slowed by cold attacks.


Message History

The orc warrior is almost dead.
The orc warrior hits you with a battleaxe!!
* * * LOW HITPOINT WARNING * * *
Casting: Flame Tongue (safe; 1% risk of failure)
Confirm with . or Enter, or press ? or * to list all spells.
Aiming: Flame Tongue (safe; 1% risk of failure)
Press: ? - help, Shift-Dir - straight line, f/p - orc warrior
Aim: an orc warrior, wielding a battleaxe and wearing a plate armour (almost The flame tongue hits the orc warrior.
The orc warrior is almost dead.
The orc warrior hits you with a battleaxe.
* * * LOW HITPOINT WARNING * * *
Casting: Flame Tongue (safe; 1% risk of failure)
Confirm with . or Enter, or press ? or * to list all spells.
Aiming: Flame Tongue (safe; 1% risk of failure)
Press: ? - help, Shift-Dir - straight line, f/p - orc warrior
Aim: an orc warrior, wielding a battleaxe and wearing a plate armour (almost The flame tongue misses the orc warrior.
The orc warrior hits you with a battleaxe!
You die...

#≈#≈#
#.#...##.......##.....#
≈##≈#
#...###...._....###...#
###≈#
###...##.......##.....#
≈≈≈##
###..##.....'#......#
####
#...##...##.......#
#....##.##........#
#.....###..########
###....#..## ##.@.#.##
##o...# #...## ##..#
####


You could see an orc warrior.

Vanquished Creatures
  Pikel (D:3)
  Prince Ribbit (D:5)
  Menkaure (D:4)
  Edmund (D:4)
  A hornet zombie (D:5)
  A slave (D:4)
  A black bear (D:6)
  3 ogres
  2 centaurs (D:5)
  A bullfrog (D:6)
  A scorpion (D:3)
  3 howler monkeys
  2 crimson imps
  A bullfrog zombie (D:5)
  A centaur skeleton (D:4)
  Crazy Yiuf (D:2)
  Terence (D:2)
  3 worker ants (D:4)
  A hound zombie (D:6)
  5 adders
  A shadow imp (D:6)
  2 worms
  2 dart slugs
  7 leopard geckos
  4 orcs
  7 giant cockroaches
  9 goblins
  5 hobgoblins
  10 jackals
  5 kobolds
  5 quokkas
  A ball python (D:1)
  4 bats
  2 frilled lizards
  A giant cockroach zombie (D:6)
  8 rats
105 creatures vanquished.

Vanquished Creatures (others)
  An orc priest (D:4)
  A leopard gecko (D:4)
  2 orcs (D:4)
4 creatures vanquished.

Grand Total: 109 creatures vanquished

Notes
Turn   | Place    | Note
-------+----------+-------------------------------------------
     0 | D:1      | Tiagovsky the Draconian Fire Elementalist began the quest
                  | for the Orb.
     0 | D:1      | Reached XP level 1. HP: 14/14 MP: 3/3
   231 | D:1      | Reached XP level 2. HP: 9/22 MP: 0/5
   692 | D:1      | Reached skill level 1 in Fighting
  1283 | D:1      | Learned a level 2 spell: Throw Flame
  1450 | D:2      | Reached XP level 3. HP: 26/28 MP: 1/6
  1864 | D:2      | Noticed Terence
  1892 | D:2      | Killed Terence
  1892 | D:2      | Reached XP level 4. HP: 13/36 MP: 3/7
  2892 | D:2      | Found a runed door.
  2896 | D:2      | Noticed Crazy Yiuf
  2905 | D:2      | Killed Crazy Yiuf
  2927 | D:2      | Learned a level 3 spell: Conjure Flame
  3163 | D:3      | Reached XP level 5. HP: 36/44 MP: 5/8
  3578 | D:3      | Reached skill level 1 in Maces & Flails
  3863 | D:4      | Noticed Edmund
  3890 | D:4      | HP: 2/44 [Edmund/wand of flame (7) (9)]
  4177 | D:4      | Killed Edmund
  4177 | D:4      | Reached XP level 6. HP: 28/51 MP: 1/9
  4471 | D:4      | Noticed Menkaure
  4473 | D:4      | Noticed a slave
  4478 | D:4      | Killed Menkaure
  4486 | D:4      | Killed a slave
  4899 | D:4      | Noticed Pikel
  4899 | D:4      | Noticed a slave
  4901 | D:4      | Noticed a slave
  4935 | D:4      | Noticed a slave
  4952 | D:3      | Killed Pikel
  4952 | D:3      | Reached skill level 5 in Fire Magic
  4952 | D:3      | Your scales start taking on a lurid green colour.
  4952 | D:3      | Reached XP level 7. HP: 18/60 MP: 1/10
  4952 | D:3      | Gained mutation: Your system is resistant to poisons.
                  | (rPois) [Green Draconian growth]
  5888 | D:5      | Entered Level 5 of the Dungeon
  5893 | D:5      | Reached skill level 5 in Fighting
  5893 | D:5      | Reached XP level 8. HP: 62/68 MP: 11/11
  5929 | D:5      | Noticed Prince Ribbit
  5977 | D:5      | Killed Prince Ribbit
  5977 | D:5      | Reached skill level 5 in Conjurations
  6666 | D:5      | Found a glowing golden altar of the Shining One.
  7375 | D:6      | Reached skill level 5 in Maces & Flails
  7395 | D:6      | Reached XP level 9. HP: 77/77 MP: 1/12
  7899 | D:5      | Slain by an orc warrior

Skill      XL: |  1  2  3  4  5  6  7  8 |
---------------+-------------------------+-----
Fighting       | 1 2 3 4 5 6 |  6.4
Conjurations   | 2 3 4 6 |  6.1
Fire Magic     | 4 5 6 |  6.8
Maces & Flails | 1 3 5 |  5.2
Dodging        | |  1.7
Stealth        | |  1.7
Spellcasting   | |  2.1

Action                   |  1- 3 |  4- 6 |  7- 9 || total
-------------------------+-------+-------+-------++-------
Melee: Spear             |    16 |       |       ||    16
       Unarmed           |    11 |       |       ||    11
       Whip              |    33 |    67 |       ||   100
       Tailslap          |     3 |     5 |     8 ||    16
       Dire flail        |       |    27 |    92 ||   119
 Fire: Hunting sling     |     3 |    19 |       ||    22
Throw: Stone             |    32 |    44 |    34 ||   110
       Tomahawk          |       |       |    14 ||    14
 Cast: Flame Tongue      |    34 |    51 |    47 ||   132
       Throw Flame       |       |    10 |    19 ||    29
  Use: Scroll            |     4 |     1 |    11 ||    16
       Potion            |       |     3 |       ||     3
  Eat: Chunk             |     3 |     8 |    10 ||    21
       Ration            |       |     1 |       ||     1
Armor: Skin              |    18 |    42 |    34 ||    94
Dodge: Dodged            |    47 |    83 |    77 ||   207
